 Dungeon Crawl Stone Soup version 0.29.1-2-gbd0b4ee654 (webtiles) character file.

Game seed: 13442743802429664093

3096 GeoRichter the Skirmisher (level 9, -7/44 HPs)
             Began as a Spriggan Hunter on Nov 12, 2022.
             Was a Believer of Dithmenos.
             Mangled by a sixfirhy (10 damage)
             ... summoned by a kobold demonologist
             ... on level 8 of the Dungeon.
             The game lasted 00:14:25 (7159 turns).

GeoRichter the Skirmisher (Spriggan Hunter)         Turns: 7159, Time: 00:14:26

Health: -7/44      AC:  4    Str:  7    XL:     9   Next: 59%
Magic:  0/10       EV: 28    Int: 12    God:    Dithmenos [**....]
Gold:   185        SH:  0    Dex: 27    Spells: 8/8 levels left

rFire   + . .      SeeInvis +   a - +0 shortbow
rCold   + . .      Faith    .   (shield currently unavailable)
rNeg    . . .      Spirit   +   v - +2 robe {Archmagi}
rPois   .          Reflect  .   (helmet restricted)
rElec   .          Harm     .   w - scarf {rC+ rF+}
rCorr   +          Rampage  .   (gloves unavailable)
Will    +....      Archmagi +   (boots unavailable)
Stlth   +++++.....              F - amulet of guardian spirit
HPRegen 0.14/turn               o - +6 ring of dexterity
MPRegen 0.12/turn               g - ring of resist corrosion

@: wreathed by umbra, very quick
A: very small, no large weapons, unfitting armour, see invisible, speed 3
a: Renounce Religion, Shadow Step


You were on level 8 of the Dungeon.
You worshipped Dithmenos.
Dithmenos was pleased with you.
You visited 1 branch of the dungeon, and saw 8 of its levels.

You collected 350 gold pieces.
You spent 165 gold pieces at shops.

Inventory:

Hand Weapons
 a - a +0 shortbow (weapon)
 b - a +4 vampiric short sword {!w}
   (You took it off a kobold on level 1 of the Dungeon)
Missiles
 y - a throwing net {!f}
Armour
 v - a +2 robe of the Archmagi (worn)
   (You found it on level 4 of the Dungeon)
 w - a scarf of resistance (worn)
   (You found it on level 4 of the Dungeon)
 D - a +0 buckler
   (You found it on level 5 of the Dungeon)
Jewellery
 e - a ring of magical power
   (You found it on level 1 of the Dungeon)
 g - a ring of resist corrosion (right hand)
   (You found it on level 8 of the Dungeon)
 i - a ring of ice
   (You found it on level 1 of the Dungeon)
 o - a +6 ring of dexterity (left hand)
   (You found it on level 2 of the Dungeon)
 F - an amulet of guardian spirit (around neck)
   (You found it on level 8 of the Dungeon)
Wands
 x - a wand of polymorph (7)
   (You took it off a hobgoblin on level 4 of the Dungeon)
Scrolls
 c - a scroll of amnesia {unknown}
 f - a scroll of immolation {!r}
 l - 3 scrolls of brand weapon
 m - 3 scrolls of noise {!r}
 r - 2 scrolls of fear {unknown}
 s - a scroll of enchant armour {unknown}
 t - a scroll of poison {unknown}
 z - 2 scrolls of fog {unknown}
 B - 4 scrolls of teleportation {@r4}
 E - a scroll of vulnerability {unknown}
Potions
 d - 2 potions of haste {@q3}
 h - 2 potions of heal wounds {@q2}
 j - 2 potions of attraction {!q}
 k - a potion of magic {unknown}
 n - 3 potions of degeneration {!q}
 p - 3 potions of cancellation
 q - 3 potions of brilliance
 u - 5 potions of curing {@q1}
 A - 2 potions of lignification {unknown}
 C - a potion of berserk rage {unknown}
 G - a potion of might


   Skills:
 + Level 3.0 Fighting
 * Level 11.2 Ranged Weapons
 + Level 9.9 Dodging
 + Level 5.0 Stealth


You had 8 spell levels left.
You didn't know any spells.
Your spell library contained the following spells:

 Spells                   Type           Power      Damage    Failure   Level
 Apportation              Tloc           0%         N/A       32%         1
 Necrotise                Necr           0%         1d4       32%         1
 Slow                     Hex            0%         N/A       32%         1
 Summon Small Mammal      Summ           0%         N/A       32%         1
 Static Discharge         Conj/Air       0%         3-3/arc   45%         2
 Confusing Touch          Hex            0%         N/A       69%         3
 Vampiric Draining        Necr           0%         2d6       69%         3
 Airstrike                Air            0%         2d(0-16)  97%         4
 Dispel Undead            Necr           0%         3d6       97%         4
 Petrify                  Tmut/Erth      0%         N/A       97%         4
 Sticky Flame             Conj/Fire      0%         2d3       97%         4
 Summon Lightning Spire   Summ/Air       0%         N/A       97%         4
 Lightning Bolt           Conj/Air       0%         1d11      100%        5
 Metabolic Englaciation   Hex/Ice        0%         N/A       100%        5
 Statue Form              Tmut/Erth      0%         N/A       100%        6


Dungeon Overview and Level Annotations

Branches:
Dungeon (8/15) Zot: 26658  Temple (0/1) D:5
   Lair: D:8-11

Altars:
Dithmenos
Elyvilon
Gozag
Makhleb
Yredelemnul

Shops:
D:1 :   D:2 *   D:7 *


Innate Abilities, Weirdness & Mutations

You are very small and have problems with some larger weapons.
You are too small for most types of armour.
You have supernaturally acute eyesight. (SInv)
You cover ground extremely quickly. (Speed+++)


Message History

You kill the orc!
Dithmenos accepts your kill.
You shoot an arrow. The arrow barely misses the orc.
You shoot an arrow. The arrow hits the orc!
You kill the orc!
Dithmenos accepts your kill.
An orc comes into view. It is wielding a +0 falchion.
You shoot an arrow. The arrow hits the orc.
You shoot an arrow. The arrow hits the orc.
You kill the orc!
Dithmenos accepts your kill.
You shoot an arrow. The arrow hits the orc.
You hear a shout!
You shoot an arrow. The arrow hits the orc.
You kill the orc!
Dithmenos accepts your kill.
Unknown command.
Unknown command.
You shoot an arrow. The arrow hits the orc.
You shoot an arrow.
The arrow hits the orc but does no damage.
The orc misses you.
You shoot an arrow. The arrow hits the orc.
You kill the orc!
Dithmenos accepts your kill.
You hear a shout!
No target in view!
A kobold demonologist comes into view. It is wielding a +0 dagger.
The kobold demonologist gestures wildly while chanting.
There is an open door here.
Things that are here:
a +0 falchion; a +0 leather armour
There are monsters nearby!
Fire: a) +0 shortbow
Aim: a kobold demonologist, wielding a +0 dagger and wearing a +0 robe (umbra, 63% to hit)
You shoot an arrow.
The arrow closely misses the kobold demonologist.
The sixfirhy hits you. The sixfirhy shocks you!
The sixfirhy closely misses you. The sixfirhy hits you!
* * * LOW HITPOINT WARNING * * *
The sixfirhy shocks you!
* * * LOW HITPOINT WARNING * * *
The kobold demonologist casts a spell.
There is a stone staircase leading down here.
The sixfirhy barely misses you. The sixfirhy attacks as you move away!
The sixfirhy completely misses you. The sixfirhy hits you!
* * * LOW HITPOINT WARNING * * *
The sixfirhy shocks you!
You die...

#....#....+......
#...##....##.....
#########...##....##.....
#......'..........##.....
#......##...##....##.....
#......##...##...........
#####'###...##....##.....
#......##...##.. #.....
#......3@....... #.....
##......#######.. #.....
#.....>.# ......
#.......# ......
#..3....# #######.....
#..K....# #....##.....
##)###### #....#######
#.))...... #....#......
#...)..... #....'......


You could see a sun demon (summoned), a kobold demonologist and a sixfirhy
(summoned).

Vanquished Creatures
  Amaemon (D:8)
  An orange demon (D:8)
  Grinder (D:6)
  Menkaure (D:6)
  2 sky beasts (D:7)
  An ogre (D:4)
  3 phantoms
  Blork the orc (D:6)
  A bullfrog (D:7)
  5 scorpions
  7 howler monkeys
  3 hounds
  A jelly (D:4)
  2 orc priests (D:5)
  3 iguanas
  9 orc wizards
  7 gnolls
  10 adders
  A shadow imp (D:7)
  2 white imps
  2 worms (D:5)
  3 dart slugs
  20 orcs
  7 endoplasms
  4 giant cockroaches
  7 goblins
  2 hobgoblins
  9 jackals
  4 quokkas
  2 ball pythons (D:4)
  7 bats
  5 frilled lizards
  6 kobolds
  8 rats
  A spectral orc (D:4)
149 creatures vanquished.

Vanquished Creatures (others)
  2 plants (D:4)
2 creatures vanquished.

Grand Total: 151 creatures vanquished

Notes
Turn   | Place    | Note
-------+----------+-------------------------------------------
     0 | D:1      | GeoRichter the Spriggan Hunter began the quest for the Orb.
     0 | D:1      | Reached XP level 1. HP: 10/10 MP: 2/2
   218 | D:1      | Reached XP level 2. HP: 14/14 MP: 3/3
   398 | D:1      | Found Galefa Angi's Book Shop.
   632 | D:2      | Found Lehewk's Assorted Antiques.
   637 | D:2      | Found a faded altar of an unknown god.
   816 | D:2      | Reached XP level 3. HP: 18/18 MP: 4/4
  1363 | D:3      | Reached skill level 5 in Ranged Weapons
  1363 | D:3      | Reached XP level 4. HP: 22/22 MP: 5/5
  1711 | D:3      | Reached XP level 5. HP: 25/25 MP: 6/6
  1909 | D:3      | Found a shadowy altar of Dithmenos.
  2095 | D:3      | Became a worshipper of Dithmenos the Shadowed
  2195 | D:4      | Found a white marble altar of Elyvilon.
  2302 | D:4      | Noticed a phantom
  2337 | D:3      | Killed a phantom
  2338 | D:3      | Reached skill level 6 in Ranged Weapons
  2338 | D:3      | Reached skill level 5 in Dodging
  2403 | D:4      | Noticed an ogre
  2408 | D:4      | Killed an ogre
  2409 | D:4      | Reached XP level 6. HP: 30/30 MP: 7/7
  3150 | D:4      | Found a basalt altar of Yredelemnul.
  3153 | D:4      | Reached skill level 7 in Ranged Weapons
  3242 | D:5      | Entered Level 5 of the Dungeon
  3448 | D:4      | Reached * piety under Dithmenos
  3449 | D:4      | Reached XP level 7. HP: 27/33 MP: 8/8
  3484 | D:5      | Found a staircase to the Ecumenical Temple.
  4094 | D:5      | Reached skill level 8 in Ranged Weapons
  4512 | D:6      | Noticed Grinder
  4524 | D:6      | Paralysed by Grinder for 2 turns
  4530 | D:6      | Killed Grinder
  4531 | D:6      | Reached skill level 9 in Ranged Weapons
  4531 | D:6      | Reached XP level 8. HP: 25/37 MP: 9/9
  4812 | D:6      | Noticed Menkaure
  4991 | D:6      | Killed Menkaure
  4991 | D:6      | Reached ** piety under Dithmenos
  5134 | D:6      | Found an opulent altar of Gozag.
  5387 | D:6      | Noticed Blork the orc
  5407 | D:6      | Killed Blork the orc
  5408 | D:6      | Reached skill level 10 in Ranged Weapons
  5470 | D:6      | Identified the +1 ring mail of Lust {Rampage rElec rF+++
                  | Dex-2}
  5953 | D:7      | Found a burning altar of Makhleb.
  6181 | D:7      | Reached XP level 9. HP: 42/42 MP: 10/10
  6227 | D:7      | Found Xicheypn's General Store.
  6233 | D:7      | Bought a scroll of teleportation for 45 gold pieces
  6233 | D:7      | Bought a potion of cancellation for 120 gold pieces
  6787 | D:8      | Noticed Amaemon
  6790 | D:8      | Noticed an orange demon
  6823 | D:8      | Killed an orange demon
  6979 | D:8      | Killed Amaemon
  6980 | D:8      | Reached skill level 11 in Ranged Weapons
  6980 | D:8      | Reached skill level 5 in Stealth
  7151 | D:8      | Noticed a kobold demonologist
  7152 | D:8      | Noticed a sixfirhy
  7156 | D:8      | Noticed a sun demon
  7159 | D:8      | Mangled by a sixfirhy

Illustrated notes

Levels and vault maps discovered:
D:1:      kennysheep_arrival_forest, layout_loops_cross, serial_shops,
          nicolae_shop_statue_plus
D:2:      layout_loops_ring, chequers_ecumenical_altar_simple, serial_shops,
          shop
D:3:      layout_basic, marbit_many_paths
D:4:      layout_basic, mainiacjoe_overflow_chevrons,
          yredelemnul_forgotten_temple_becter, kennysheep_generic_room_5,
          uniq_crazy_yiuf_cottage
D:5:      layout_basic, minmay_temple_entry_mini_moons
D:6:      layout_loops_cross, kennysheep_mini_moat, uniq_blork_the_orc,
          uniq_grinder, uniq_menkaure
D:7:      layout_loops_cross, kennysheep_mini, serial_shops, shop,
          kennysheep_generic_room_2
D:8:      layout_gridville, nicolae_overflow_crystal_walls, uniq_amaemon

Skill      XL: |  1  2  3  4  5  6  7  8  9 |
---------------+----------------------------+-----
Dodging        | 3 4 5 6 7 9 |  9.9
Ranged Weapons | 5 6 7 9 10 11 | 11.2
Stealth        | 2 5 |  5.0
Fighting       | 3 |  3.0

Action                   |  1- 3 |  4- 6 |  7- 9 || total
-------------------------+-------+-------+-------++-------
Melee: Short sword       |     3 |    26 |    46 ||    75
 Fire: Shortbow          |    70 |   153 |   309 ||   532
  Use: Scroll            |       |       |    11 ||    11
Armor: Robe              |     2 |     9 |     5 ||    16
Dodge: Dodged            |    11 |   102 |   128 ||   241
